 Dungeon Crawl Stone Soup version 0.32-a0-918-g0f22ef8d61 (webtiles) character file.

Game seed: 8705683931285325232

25700 tilp the Jinx (level 12, -3/97 HPs)
             Began as a Vampire Enchanter on Apr 10, 2024.
             Was a High Priest of Wu Jian.
             Slain by a blink frog (7 damage)
             ... on level 3 of the Lair of Beasts.
             The game lasted 00:28:45 (16181 turns).

tilp the Jinx (Vampire Enchanter)                  Turns: 16181, Time: 00:28:46

Health: -3/97      AC: 14    Str:  7    XL:     12   Next: 91%
Magic:  10/22      EV: 13    Int: 32    God:    Wu Jian [*****.]
Gold:   728        SH:  0    Dex: 12    Spells: 14/25 levels left

rFire   . . .        a - +5 dagger of the Establishment {elec, rPois rC+ Int+4 Dex-3}
rCold   + . .        (no shield)
rNeg    . . .        A - +0 steam dragon scales
rPois   +            e - +1 helmet
rElec   .            k - +2 cloak
rCorr   .            x - +1 pair of gloves
SInv    +            r - +0 pair of boots
Will    +....        d - amulet of regeneration
Stlth   +++++        j - ring of flight
HPRegen 1.36/turn    D - +6 ring of intelligence
MPRegen 0.18/turn

%: no passive effects
@: flying, healing quickly
A: alive, fangs 3, see invisible, vampiric 2
a: Exsanguinate, Renounce Religion, Wall Jump, Serpent's Lash, Heavenly Storm


You were on level 3 of the Lair of Beasts.
You worshipped Wu Jian.
Wu Jian was extremely pleased with you.
You visited 3 branches of the dungeon, and saw 15 of its levels.
You also visited: Ice Cave.

You collected 979 gold pieces.
You spent 251 gold pieces at shops.

Inventory:

Hand Weapons
 a - the +5 dagger of the Establishment (weapon) {elec, rPois rC+ Int+4 Dex-3}
   (You found it on level 4 of the Dungeon)

   Int+4:     It affects your intelligence (+4).
   Dex-3:     It affects your dexterity (-3).
   rC+:       It protects you from cold.
   rPois:     It protects you from poison.
 b - a +1 scimitar of draining
 f - a +2 spectral dagger
 T - a +3 dagger of flaming
Missiles
 o - 12 javelins
 w - 34 poisoned darts (quivered)
 C - 3 throwing nets {!f}
 I - 6 curare-tipped darts {!f}
Armour
 e - a +1 helmet (worn)
 k - a +2 cloak (worn)
 r - a +0 pair of boots (worn)
 x - a +1 pair of gloves (worn)
 A - +0 steam dragon scales (worn)
 J - a +1 robe of resistance
 O - a +2 robe of fire resistance
Jewellery
 d - an amulet of regeneration (around neck)
 g - a ring of positive energy
 j - a ring of flight (left hand)
 u - a ring of resist corrosion
 z - a ring of ice
 D - a +6 ring of intelligence (right hand)
Wands
 l - a wand of polymorph (16)
 y - a wand of mindburst (24)
 H - a wand of acid (11)
 M - a wand of charming (4)
Scrolls
 i - 10 scrolls of teleportation
 m - 3 scrolls of fog
 s - a scroll of identify
 t - 2 scrolls of immolation
 E - a scroll of blinking
 K - 3 scrolls of amnesia
 L - a scroll of summoning
Potions
 c - 2 potions of invisibility
 h - 2 potions of enlightenment
 n - 3 potions of lignification
 p - 2 potions of berserk rage
 v - 2 potions of heal wounds
 B - 2 potions of haste
 F - a potion of brilliance
 G - a potion of ambrosia
 P - 2 potions of curing
 Q - a potion of might
 S - 2 potions of mutation
Miscellaneous
 q - a lightning rod (4/4)
 N - a condenser vane
 R - a box of beasts


   Skills:
 - Level 10.0 Fighting
 - Level 3.1(8.8) Short Blades
 * Level 11.7(11.9) Long Blades
 - Level 3.2 Armour
 - Level 6.0 Dodging
 - Level 12.0 Stealth
 - Level 7.0 Spellcasting
 - Level 12.0 Hexes
 - Level 4.0 Evocations


You had 14 spell levels left.
You knew the following spells:

 Your Spells              Type           Power      Damage    Failure   Level
a - Ensorcelled Hibernat  Hex/Ice        98%        N/A       1%          2
b - Confusing Touch       Hex            73%        N/A       1%          3
c - Tukima's Dance        Hex            73%        N/A       1%          3
d - Dazzling Flash        Conj/Hex       98%        N/A       1%          3

Your spell library contained the following spells:

 Spells                   Type           Power      Damage    Failure   Level
 Magic Dart               Conj           44%        1d5       4%          1
 Searing Ray              Conj           22%        2d5       6%          2
 Maxwell's Portable Pile  Tloc           11%        2d(6-16)  12%         3
 Fulminant Prism          Conj/Alch      5%         3d6       38%         4
 Arcjolt                  Conj/Air       5%         1d15      75%         5
 Maxwell's Capacitive Co  Air            5%         ∞         100%        8


Dungeon Overview and Level Annotations

Branches:
Dungeon (11/15)            Temple (1/1) D:6            Lair (3/5) D:9
  Snake (0/4) Lair:3          Orc (0/2) D:9           IceCv (visited)
  Swamp: Lair:2-3    Shoals: Lair:2-3

Altars:
Ashenzari
Cheibriados
Dithmenos
Fedhas
Gozag
Hepliaklqana
Kikubaaqudgha
Makhleb
Nemelex Xobeh
Okawaru
Qazlal
Ru
Sif Muna
Trog
Uskayaw
Vehumet
Wu Jian
Xom
Yredelemnul

Shops:
D:5 (*   D:7 *

Annotations:
Lair:2 exclusion: oklob plant


Innate Abilities, Weirdness & Mutations

Your natural rate of healing is accelerated.
You have razor-sharp teeth.
You have supernaturally acute eyesight. (SInv)
You are afflicted with vampirism and can become a bat while bloodless.


Message History

The boulder beetle bites you.
Unknown command.
Casting: Dazzling Flash (safe; 1% risk of failure)
Confirm with . or Enter, or press ? or * to list all spells.
Casting: Dazzling Flash (safe; 1% risk of failure)
Press: ? - help, Dir - look around, f - activate The blink frog is dazzled.
The catoblepas is dazzled.
The boulder beetle is dazzled.
The blink frog is dazzled.
The catoblepas gores you but does no damage.
Unknown command.
Unknown command.
Unknown command.
You hit the catoblepas but do no damage.
Lightning courses through the catoblepas!!
The catoblepas is almost dead.
The blink frog is no longer petrified.
The catoblepas gores you!
* * * LOW HITPOINT WARNING * * *
The boulder beetle bites you!
* * * LOW HITPOINT WARNING * * *
You hit the catoblepas but do no damage.
You bite the catoblepas, but do no damage.
The catoblepas is almost dead.
Unknown command.
The wyvern hisses angrily.
You hit the catoblepas.
The catoblepas is almost dead.
The catoblepas gores you!
* * * LOW HITPOINT WARNING * * *
The blink frog is engulfed in calcifying dust.
The blink frog is moving more slowly.
Okay, then.
Hit: a) +5 dagger of the Establishment {elec, rPois rC+ Int+4 Dex-3}
Press: ? - help, Dir - move target, f - boulder beetle
Aim: a boulder beetle (blind, unable to see you, petrifying slowly, about 2% to evade the +5 dagger of the Establishment)
You hit the boulder beetle.
Lightning courses through the boulder beetle!!
You bite the boulder beetle, but do no damage.
The boulder beetle is lightly wounded.
The boulder beetle is no longer blind.
The blink frog hits you!
You die...

#.#. ..# ##..# ..# .
#....### #.# ..#......##
#.# # ..........###.# ###
#####
...........P).###PP###....
.#...§.............#...#.
.#.!#.§#BYF#P>..P##.##.P.#
......FF.@.F.............#
....#.........#.....###..#
. #.#..##..##.#...### #..#
...#.#..#####..## #.#..
#..##..#.. #..# ###.. #..
#..#..# #..### #.# ## #.
#.## #....# #.. .. #.#
#.##.# #.. #P.##.## #.##


You could see a catoblepas (blind, unable to see you), a boulder beetle
(petrifying), a cane toad and 3 blink frogs.

Vanquished Creatures
  3 two-headed ogres
  Sonja (D:10)
  2 bog bodies (IceCv)
  A lindwurm (Lair:3)
  An ugly thing (D:10)
  A cyclops (D:11)
  An ice statue (IceCv)
  5 black mambas (Lair:1)
  A kobold demonologist (D:9)
  7 cane toads
  Maggie (D:8)
  A torpor snail (Lair:1)
  2 komodo dragons (Lair:2)
  Jeremiah (D:8)
  An unseen horror (D:11)
  Grinder (D:5)
  A hornet (D:9)
  2 raiju (D:8)
  9 blink frogs
  6 slime creatures (D:11)
  A shadow (D:10)
  19 yaks
  2 wraiths
  A vampire (D:10)
  4 wyverns
  A dire elephant simulacrum (IceCv)
  3 steam dragons
  A naga (Lair:3)
  A death yak simulacrum (IceCv)
  3 vampire mosquitoes (D:11)
  4 harpy simulacra (IceCv)
  An acid dragon (D:10)
  13 water moccasins
  Duvessa (D:5)
  4 orc warriors
  3 ice beasts
  2 black bears
  3 ogres
  A centaur (D:7)
  3 wolves (Lair:2)
  3 phantoms
  4 kobold brigands
  5 bullfrogs
  2 two-headed ogre simulacra (IceCv)
  2 scorpions
  A cane toad simulacrum (IceCv)
  Dowan (D:5)
  2 elephant simulacra (IceCv)
  15 killer bees
  4 electric eels (D:8)
  2 howler monkeys
  2 bombardier beetles
  2 orc priests (D:7)
  A gnoll bouda (D:9)
  6 hounds
  A jelly (D:7)
  5 sleepcaps
  2 iguanas
  5 orc wizards
  4 polar bear simulacra (IceCv)
  5 spriggan simulacra (IceCv)
  5 troll simulacra (IceCv)
  4 wolf simulacra (IceCv)
  9 adders
  12 gnolls
  7 naga simulacra (IceCv)
  A shadow imp (D:6)
  16 white imps
  6 ufetubi
  2 dart slugs
  2 ribbon worms
  20 orcs
  12 endoplasms
  3 giant cockroaches
  17 goblins
  15 hobgoblins
  4 jackals (D:3)
  2 quokkas (D:1)
  5 ball pythons
  2 bats (D:1)
  6 frilled lizards
  22 kobolds
  5 rats
370 creatures vanquished.

Vanquished Creatures (collateral kills)
  A kobold brigand (D:8)
  A gnoll bouda (D:7)
  An orc wizard (D:5)
  5 gnolls
  2 kobolds (D:11)
10 creatures vanquished.

Vanquished Creatures (others)
  A dancing weapon (D:7)
  An adder (D:6)
  A white imp (D:11)
3 creatures vanquished.

Grand Total: 383 creatures vanquished

Notes
Turn   | Place    | Note
-------+----------+-------------------------------------------
     0 | D:1      | tilp the Vampire Enchanter began the quest for the Orb.
     0 | D:1      | Reached XP level 1. HP: 13/13 MP: 3/3
   131 | D:1      | Reached XP level 2. HP: 20/20 MP: 5/5
   136 | D:1      | Learned a level 2 spell: Ensorcelled Hibernation
   544 | D:1      | Reached skill level 1 in Long Blades
   581 | D:1      | Gained mutation: You are afflicted with vampirism and can
                  | become a bat while bloodless. [Vampire growth]
   581 | D:1      | Reached XP level 3. HP: 19/25 MP: 6/6
   585 | D:1      | Learned a level 3 spell: Confusing Touch
   630 | D:1      | Reached skill level 1 in Fighting
   771 | D:1      | Reached skill level 5 in Hexes
  1436 | D:2      | Reached XP level 4. HP: 32/32 MP: 7/7
  2371 | D:3      | Reached XP level 5. HP: 37/37 MP: 8/8
  2672 | D:3      | Found a burning altar of Makhleb.
  2672 | D:3      | Noticed a cacodemon
  3020 | D:4      | Reached skill level 5 in Stealth
  3024 | D:4      | Learned a level 3 spell: Tukima's Dance
  3146 | D:4      | Identified the +5 dagger of the Establishment {elec, rPois
                  | rC+ Int+4 Dex-3}
  3162 | D:4      | Found a sacrificial altar of Ru.
  3598 | D:5      | Entered Level 5 of the Dungeon
  3598 | D:5      | Found Ycva Varph's Assorted Antiques.
  3738 | D:5      | Reached XP level 6. HP: 44/44 MP: 9/9
  3898 | D:5      | Noticed Dowan
  3900 | D:5      | Noticed Duvessa
  4171 | D:5      | Reached skill level 1 in Evocations
  4178 | D:5      | Reached XP level 7. HP: 44/51 MP: 0/11
  4393 | D:5      | Noticed a wyvern
  4399 | D:5      | Killed a wyvern
  4440 | D:5      | Bought a scroll labelled SYTTOXT ESOFUI for 19 gold pieces
  4440 | D:5      | Bought a scroll labelled QEHIER ZYPIQU for 19 gold pieces
  4440 | D:5      | Bought a fuming inky potion for 17 gold pieces
  4595 | D:5      | Found Hean's Firing Range.
  5056 | D:5      | Found Ycva Varph's Assorted Antiques.
  5212 | D:5      | Found Hean's Firing Range.
  5318 | D:5      | Noticed Grinder
  5410 | D:5      | Killed Duvessa
  5411 | D:5      | Reached XP level 8. HP: 50/58 MP: 6/12
  5412 | D:5      | Killed Dowan
  5542 | D:6      | Found a staircase to the Ecumenical Temple.
  5620 | Temple   | Entered the Ecumenical Temple
  5649 | Temple   | Became a worshipper of the Wu Jian Council
  5694 | D:6      | Found an iron altar of Okawaru.
  6693 | D:6      | Reached skill level 5 in Long Blades
  6958 | D:6      | Learned a level 3 spell: Dazzling Flash
  7005 | D:7      | Found a snail-covered altar of Cheibriados.
  7022 | D:7      | Reached XP level 9. HP: 66/66 MP: 14/14
  7120 | D:7      | Reached * piety under Wu Jian
  7316 | D:7      | Found Ningadd's General Store.
  7324 | D:7      | Bought a +0 helmet for 63 gold pieces
  7324 | D:7      | Bought a scroll of brand weapon for 133 gold pieces
  7450 | D:7      | Reached skill level 5 in Fighting
  7682 | D:7      | Found a hazy altar of Hepliaklqana.
  7903 | D:8      | Found a stormy altar of Qazlal.
  7970 | D:8      | Noticed a two-headed ogre
  7973 | D:8      | Reached skill level 5 in Dodging
  8011 | D:8      | Killed a two-headed ogre
  8012 | D:8      | Reached skill level 1 in Armour
  8012 | D:8      | Reached skill level 10 in Hexes
  8133 | D:8      | Reached XP level 10. HP: 74/74 MP: 13/16
  8176 | D:8      | Noticed Jeremiah
  8178 | D:8      | Killed Jeremiah
  8634 | D:8      | You are sucked into a shaft and drop 2 floors!
  8634 | D:10     | Entered Level 10 of the Dungeon
  8685 | D:10     | Noticed a two-headed ogre
  8691 | D:10     | Killed a two-headed ogre
  8887 | D:10     | Noticed Sonja
  9098 | D:9      | Reached ** piety under Wu Jian
  9294 | D:9      | Found a staircase to the Lair.
  9296 | D:9      | Found a staircase to the Orcish Mines.
  9480 | D:8      | Noticed Maggie
  9496 | D:8      | Killed Maggie
  9579 | D:8      | Found a blossoming altar of Fedhas.
  9874 | D:8      | Reached skill level 5 in Spellcasting
  9980 | D:5      | Killed Grinder
 10287 | D:9      | Found a shimmering blue altar of Sif Muna.
 10327 | D:9      | Found a shadowy altar of Dithmenos.
 10438 | D:9      | Reached XP level 11. HP: 83/83 MP: 18/18
 10628 | D:10     | Noticed a two-headed ogre
 10636 | D:10     | Killed a two-headed ogre
 10673 | D:10     | Noticed a red ugly thing
 10677 | D:10     | Killed a red ugly thing
 11044 | D:10     | Killed Sonja
 11116 | D:11     | Reached *** piety under Wu Jian
 11192 | D:11     | Reached skill level 10 in Stealth
 11361 | D:11     | Found a frozen archway.
 11449 | IceCv    | Entered an ice cave
 11649 | IceCv    | Reached **** piety under Wu Jian
 12405 | IceCv    | Noticed a bog body
 12407 | IceCv    | Noticed a bog body
 12429 | IceCv    | Killed a bog body
 12438 | IceCv    | Killed a bog body
 12470 | IceCv    | Reached ***** piety under Wu Jian
 13362 | D:11     | Reached XP level 12. HP: 69/94 MP: 15/21
 13533 | Lair:1   | Entered Level 1 of the Lair of Beasts
 14029 | Lair:1   | Found the +8 whip "Snakebite" {venom, curare, rPois}
 14096 | Lair:1   | Reached skill level 10 in Long Blades
 15212 | Lair:2   | Reached skill level 10 in Fighting
 15931 | Lair:3   | Found a staircase to the Snake Pit.
 16135 | Lair:3   | Found the +27 heavy crossbow "Sniper" {heavy, Acc+∞ SInv}
 16148 | Lair:3   | Noticed a catoblepas
 16149 | Lair:3   | Noticed a boulder beetle
 16180 | Lair:3   | HP: 3/97 [catoblepas (17)]
 16181 | Lair:3   | Slain by a blink frog

Illustrated notes

Levels and vault maps discovered:
D:1:      amcnicky_arrival_feature_with_door, layout_basic, minmay_3d_cube
D:2:      layout_loops_ring, minmay_goblin_outpost
D:3:      layout_loops_ring, makhleb_altar_promises_db
D:4:      layout_gridville, mainiacjoe_overflow_brackets
D:5:      layout_basic, serial_shops, shop, nicolae_shop_firing_range,
          uniq_duvessa, uniq_grinder
D:6:      layout_layer_cave, okawaru_metal_pillars_1_2, tso_metal_star,
          minmay_temple_entry_nine_rooms, hangedman_minor_gate_pass
D:7:      layout_basic, nzn_hepliaklqana_mist_gate, lemuel_crystal_altar,
          serial_shops, shop
D:8:      layout_loops_ring, nicolae_qazlal_eye_of_the_storm, fedhas_altar_2,
          palyth_stone_intersect, nicolae_have_a_lightning_rod, uniq_maggie,
          uniq_jeremiah
D:9:      layout_basic, mainiacjoe_overflow_two_lobes, lair_entry_dummy,
          chequers_decorated_corner
D:10:     layout_cave_pools, uniq_sonja
D:11:     layout_stronghold, portal_ice_cave_entry_imps
Temple:   nicolae_temple_godzebo
Lair:1:   minmay_guarded_unrand_snakebite, layout_regular_city,
          chequers_serial_rivers_micro_e
Lair:2:   layout_cave_pods, beast_lair_carwin_3
Lair:3:   layout_loops_ring, swamp_mist, guppyfry_snake_entry_garden,
          hangedman_tree_tricks

Skill      XL: |  1  2  3  4  5  6  7  8  9 10 11 12 |
---------------+-------------------------------------+-----
Long Blades    | 1 2 3 5 6 7 9 11 | 11.7
Fighting       | 1 2 3 4 5 6 8 10 | 10.0
Hexes          | 5 6 7 8 10 11 12 | 12.0
Short Blades   | 2 3 |  3.1
Stealth        | 5 6 7 8 9 11 12 | 12.0
Dodging        | 3 4 5 6 |  6.0
Evocations     | 1 2 3 4 |  4.0
Spellcasting   | 3 4 5 6 7 |  7.0
Armour         | 1 2 3 |  3.2

Action                     |  1- 3 |  4- 6 |  7- 9 | 10-12 || total
---------------------------+-------+-------+-------+-------++-------
  Melee: Dagger            |    68 |    97 |   132 |   539 ||   836
         Bite              |     8 |    14 |    17 |    66 ||   105
         Short sword       |    39 |    58 |       |       ||    97
  Throw: Stone             |       |       |       |     1 ||     1
         Dart              |       |       |       |     1 ||     1
   Cast: Ensorcelled Hiber |    21 |    28 |    47 |   108 ||   204
         Confusing Touch   |     1 |     5 |     9 |    46 ||    61
         Tukima's Dance    |       |       |     4 |     3 ||     7
         Dazzling Flash    |       |       |       |    15 ||    15
Ability: Lunge             |       |       |    19 |    55 ||    74
         Whirlwind         |       |       |     1 |    18 ||    19
  Evoke: Wand              |       |       |       |     1 ||     1
    Use: Scroll            |     4 |     7 |     7 |    14 ||    32
         Potion            |       |       |       |     2 ||     2
   Stab: Sleeping          |    26 |    20 |    40 |   100 ||   186
         Confused          |       |     4 |     5 |    29 ||    38
         Invisible         |       |       |       |    13 ||    13
         Distracted        |       |       |       |     1 ||     1
         Petrifying        |       |       |       |     1 ||     1
         Petrified         |       |       |       |     1 ||     1
 Armour: Robe              |    37 |    90 |    57 |       ||   184
         Steam dragon scal |       |       |     6 |   232 ||   238
         Leather armour    |       |       |       |    95 ||    95
  Dodge: Dodged            |    42 |    85 |    63 |   326 ||   516

Table legend: (Time is in decaauts)
 A = Elapsed time spent in this place.
 B = Non-inter-level travel time spent in this place.
 C = Inter-level travel time spent in this place.
 D = Time resting spent in this place.
 E = Time spent auto-exploring this place.
 F = Levels seen in this place.
 G = Mean time per level.
                   A        B        C        D        E       F      G
               +--------+--------+--------+--------+--------+-----+--------+
         Total |  15994 |  14667 |   1327 |   1751 |   9853 |  16 |  999.6 |
       Dungeon |  12024 |  10918 |   1106 |   1069 |   7511 |  11 | 1093.1 |
        Temple |     58 |      1 |     57 |      0 |      0 |   1 |   58.0 |
          Lair |   2612 |   2449 |    163 |    100 |   1970 |   3 |  870.7 |
      Ice Cave |   1297 |   1297 |      0 |    582 |    372 |   1 | 1297.0 |
               +--------+--------+--------+--------+--------+-----+--------+

Top non-repeatable levels by time:
     D:5: 1575 daAuts
     D:6: 1461 daAuts
     D:8: 1302 daAuts
   IceCv: 1297 daAuts
     D:4: 1291 daAuts
  Lair:1: 1272 daAuts
     D:1: 1187 daAuts
  Lair:2: 993 daAuts
    D:11: 967 daAuts
     D:9: 953 daAuts
     D:7: 948 daAuts
    D:10: 824 daAuts
     D:3: 758 daAuts
     D:2: 753 daAuts
  Lair:3: 347 daAuts
